 Dungeon Crawl Stone Soup version 0.20.0-15-g7f486f2 (webtiles) character file.

3466 renl the Cleaver (level 10, -5/61 HPs)
             Began as a Gargoyle Monk on July 2, 2017.
             Was a Follower of Uskayaw.
             Killed from afar by an ogre mage (10 damage)
             ... with a bolt of lightning
             ... on level 8 of the Dungeon on July 3, 2017.
             The game lasted 00:31:34 (6670 turns).

renl the Cleaver (Gargoyle Monk)                    Turns: 6670, Time: 00:31:36

Health: -5/61      AC: 25    Str: 18    XL:     10   Next: 6%
Magic:  10/10      EV:  7    Int: 11    God:    Uskayaw [*.....]
Gold:   545        SH:  0    Dex: 12    Spells: 9/9 levels left

rFire    . . .     SeeInvis .   a - +0 war axe (venom)
rCold    . . .     Gourm    .   (no shield)
rNeg     + . .     Faith    .   L - +0 plate armour
rPois    ∞         Spirit   .   y - +0 helmet
rElec    +         Reflect  .   (no cloak)
rCorr    .         Harm     +   J - +0 pair of gloves
MR       .....                  (no boots)
Stlth    ..........             r - amulet of harm
Regen    0.2/turn               j - +4 ring of protection
MPRegen  0.2/turn               (no ring)

@: no status effects
A: negative energy resistance 1, electricity resistance, unbreathing,
petrification resistance, rot immunity, AC +7
a: Stomp, Renounce Religion


You were on level 8 of the Dungeon.
You worshipped Uskayaw.
Uskayaw was noncommittal.
You were not hungry.

You visited 2 branches of the dungeon, and saw 9 of its levels.

You collected 545 gold pieces.

Inventory:

Hand Weapons
 a - a +0 war axe of venom (weapon)
Armour
 y - a +0 helmet (worn)
 J - a +0 pair of gloves (worn)
 L - a +0 plate armour (worn)
Jewellery
 j - a +4 ring of protection (left hand)
 r - an amulet of harm (around neck)
 H - an uncursed ring of resist corrosion {unknown}
Wands
 k - a wand of confusion (12/48)
 t - a wand of acid (2/15)
 w - a wand of enslavement (17/24)
 F - a wand of paralysis (15/24)
Scrolls
 d - 10 scrolls of remove curse {unknown}
 f - 5 scrolls of amnesia {unknown}
 h - a scroll of brand weapon {unknown}
 i - 12 scrolls of identify {unknown}
 m - 2 scrolls of teleportation {unknown}
 p - 2 scrolls of fog {unknown}
 q - a scroll of fear {unknown}
 u - a scroll of noise {unknown}
 B - a scroll of holy word {unknown}
 I - a scroll of blinking {unknown}
 K - 2 scrolls of enchant weapon {unknown}
Potions
 b - 6 potions of curing {unknown}
 e - 2 potions of degeneration {unknown}
 g - a potion of heal wounds {unknown}
 l - a potion of flight {unknown}
 v - a potion of lignification {unknown}
 x - 2 potions of brilliance {unknown}
 A - 2 potions of resistance {unknown}
 C - 2 potions of might {unknown}
 D - a potion of ambrosia {unknown}
 E - a potion of magic {unknown}
 G - a potion of invisibility
Miscellaneous
 M - a lamp of fire (inert)
Comestibles
 c - 13 bread rations
 n - 11 fruits
 o - 5 royal jellies
 s - 3 chunks of flesh
 z - 3 meat rations


   Skills:
 + Level 6.3 Fighting
 * Level 10.8 Axes
 + Level 5.4 Armour
 + Level 3.7 Dodging
 - Level 2.1 Stealth
 + Level 0.6 Evocations


You had 9 spell levels left.
You didn't know any spells.

Dungeon Overview and Level Annotations

Branches:
Dungeon (8/15)             Temple (1/1) D:7
   Lair: D:8-11

Altars:
Ashenzari
Cheibriados
Dithmenos
Elyvilon
Fedhas
Gozag
Hepliaklqana
Kikubaaqudgha
Nemelex Xobeh
Sif Muna
Uskayaw
Vehumet
Xom
Yredelemnul
Zin
The Shining One

Shops:
D:4 (

Annotations:
D:8 1 transporter


Innate Abilities, Weirdness & Mutations

You are resistant to torment.
Your stone body is resilient. (AC +7)
You are immune to poison.
You resist negative energy. (rN+)
You are resistant to electric shocks. (rElec)
You can survive without breathing.
You are immune to petrification.
You are immune to rotting.


Message History

The ogre mage hits you but does no damage.
The ogre mage casts a spell at you. The bolt of fire hits you!
The necromancer is engulfed in blazing flames.
The ogre mage is engulfed in blazing flames.
The ogre mage hits you but does no damage.
The necromancer casts a spell at you. The bolt of fire hits you!
* * * LOW HITPOINT WARNING * * *
The ogre mage hits you but does no damage.
The ogre mage is engulfed in blazing flames.
The ogre mage hits you but does no damage.
You see here 14 gold pieces.
You hit the necromancer.
The necromancer is poisoned.
The necromancer is heavily wounded.
You hit the ogre mage.
The ogre mage is poisoned.
The ogre mage is engulfed in blazing flames.
The ogre mage casts a spell at you. The bolt of lightning hits you! You resist.
You die...

#[....# #..#.###
##.....##
####....
#.......# #####
#.#...#.#
...#8.8#..O
....#...#.....
##. #8O8#..##O#
#..#.##§..##.#..#
#.§§§§O@.$......
#8..8$p♣⌠♣..8..©
################


You could see 2 ogre magi and a necromancer.

Vanquished Creatures
  A two-headed ogre (D:7)
  A spriggan (D:7)
  2 orc warriors (D:7)
  A sky beast (D:7)
  3 phantoms (D:7)
  A black bear (D:7)
  2 ogres
  A centaur (D:8)
  4 bullfrogs (D:7)
  5 scorpions
  A wyvern skeleton (D:7)
  5 killer bees (D:8)
  An electric eel (D:7)
  3 howler monkeys
  2 crimson imps
  A hound (D:4)
  2 bullfrog skeletons
  5 orc wizards
  3 orc priests
  Jessica (D:2)
  3 worker ants
  A killer bee zombie (D:5)
  A hound zombie (D:7)
  9 gnolls
  3 worker ant zombies
  11 adders
  A shadow imp (D:5)
  2 oozes
  An adder zombie (D:6)
  2 worms
  A dart slug (D:1)
  10 leopard geckos
  13 orcs
  4 bats
  5 giant cockroaches
  8 goblins
  6 hobgoblins
  3 quokkas
  3 ball pythons
  10 frilled lizards
  A giant cockroach zombie (D:5)
  2 gnoll zombies (D:2)
  11 kobolds
  A leopard gecko zombie (D:5)
  10 rats
167 creatures vanquished.

Notes
Turn   | Place    | Note
-------+----------+-------------------------------------------
     0 | D:1      | renl the Gargoyle Monk began the quest for the Orb.
     0 | D:1      | Reached XP level 1. HP: 14/14 MP: 1/1
   203 | D:1      | Reached XP level 2. HP: 13/19 MP: 2/2
   248 | D:1      | Reached skill level 3 in Axes
   390 | D:1      | Reached XP level 3. HP: 23/23 MP: 3/3
   863 | D:2      | Found a basalt altar of Yredelemnul.
   946 | D:2      | Reached XP level 4. HP: 28/28 MP: 4/4
   987 | D:2      | Found a shimmering altar of Xom.
   993 | D:2      | Reached skill level 1 in Armour
  1002 | D:2      | Noticed Jessica
  1012 | D:2      | Killed Jessica
  1012 | D:2      | Reached skill level 4 in Axes
  1117 | D:2      | Reached XP level 5. HP: 31/33 MP: 5/5
  1627 | D:3      | Found a shattered altar of Ashenzari.
  2112 | D:4      | Reached skill level 5 in Axes
  2139 | D:4      | Reached XP level 6. HP: 31/38 MP: 6/6
  2505 | D:4      | Found Vuappum's Antique Weapon Shoppe.
  2666 | D:4      | Reached XP level 7. HP: 10/43 MP: 7/7
  2688 | D:4      | Reached skill level 6 in Axes
  3154 | D:5      | Entered Level 5 of the Dungeon
  3572 | D:5      | Found a transporter.
  3593 | D:5      | Found a transporter.
  3760 | D:5      | Reached skill level 7 in Axes
  3806 | D:5      | Reached XP level 8. HP: 46/48 MP: 8/8
  5211 | D:7      | Found a shadowy altar of Dithmenos.
  5416 | D:7      | Reached skill level 8 in Axes
  5501 | D:7      | Reached skill level 5 in Fighting
  5726 | D:7      | Noticed a spriggan baker
  5732 | D:7      | Killed a spriggan baker
  5732 | D:7      | Reached skill level 9 in Axes
  5732 | D:7      | Reached XP level 9. HP: 53/54 MP: 9/9
  5778 | D:7      | Found a staircase to the Ecumenical Temple.
  5833 | Temple   | Entered the Ecumenical Temple
  6053 | Temple   | Became a worshipper of Uskayaw the Reveler
  6053 | Temple   | Reached * piety under Uskayaw
  6246 | D:7      | Noticed a two-headed ogre
  6249 | D:7      | Reached ** piety under Uskayaw
  6250 | D:7      | Killed a two-headed ogre
  6250 | D:7      | Reached skill level 10 in Axes
  6250 | D:7      | Reached skill level 5 in Armour
  6250 | D:7      | Reached *** piety under Uskayaw
  6498 | D:8      | Reached XP level 10. HP: 29/60 MP: 10/10
  6643 | D:8      | Found a transporter.
  6660 | D:8      | Noticed an ogre mage
  6661 | D:8      | Noticed an ogre mage
  6664 | D:8      | Noticed an ogre mage
  6665 | D:8      | Found a transporter.
  6665 | D:8      | Noticed a necromancer
  6670 | D:8      | Killed from afar by an ogre mage

Skill      XL: |  1  2  3  4  5  6  7  8  9 |
---------------+----------------------------+-----
Axes           | 3 4 5 7 9 10 | 10.8
Armour         | 1 2 3 4 5 |  5.4
Fighting       | 4 5 6 |  6.3
Dodging        | 3 |  3.7
Stealth        | |  2.1
Evocations     | |  0.6

Action                   |  1- 3 |  4- 6 |  7- 9 | 10-12 || total
-------------------------+-------+-------+-------+-------++-------
Melee: Hand axe          |   139 |   292 |   243 |       ||   674
       War axe           |       |       |   159 |    15 ||   174
Evoke: Wand              |       |       |     8 |     4 ||    12
       Lamp of fire      |       |       |       |     1 ||     1
 Stab: Confused          |       |       |     2 |       ||     2
       Paralysed         |       |       |     1 |       ||     1
  Eat: Chunk             |       |     6 |    13 |     1 ||    20
Armor: Leather armour    |     8 |       |       |       ||     8
       Chain mail        |    88 |   207 |   267 |       ||   562
       Robe              |     1 |       |       |       ||     1
       Plate armour      |       |       |    27 |    18 ||    45
Dodge: Dodged            |    45 |   113 |   168 |     4 ||   330
